 Dungeon Crawl Stone Soup version 0.17-a0-931-g11a8995 (webtiles) character file.

133 FedoraBrony69 the Conjurer (level 4, -17/24 HPs)
             Began as a Deep Elf Conjurer on May 5, 2015.
             Was an Initiate of Kikubaaqudgha.
             Killed from afar by a gnoll (19 damage)
             ... with a wand of lightning
             ... on level 4 of the Dungeon.
             The game lasted 00:06:12 (2031 turns).

FedoraBrony69 the Conjurer (Deep Elf Conjurer)      Turns: 2031, Time: 00:06:12

Health: -17/24     AC:  3    Str:  5    XL:     4   Next: 94%
Magic:  9/13       EV: 13    Int: 21    God:    Kikubaaqudgha [......]
Gold:   65         SH:  0    Dex: 15    Spells: 1 memorised, 12 levels left

rFire  . . .     SeeInvis .     f - +0 spear
rCold  . . .     Clarity  .     a - +0 robe
rNeg   . . .     SustAb   .     (no shield)
rPois  .         Gourm    .     (no helmet)
rElec  .         Spirit   .     w - +0 cloak
rCorr  .         Warding  .     (no gloves)
rMut   .         Stasis   .     (no boots)
MR     .....                    q - amulet of regeneration
Stlth  ++........               (no ring)
                                (no ring)

@: not resistant to hostile enchantments, unstealthy
A: no striking features
a: Renounce Religion


You were on level 4 of the Dungeon.
You worshipped Kikubaaqudgha.
Kikubaaqudgha was noncommittal.
You were not hungry.

You visited 2 branches of the dungeon, and saw 5 of its levels.

You collected 65 gold pieces.

Inventory:

Hand weapons
 f - a +0 spear (weapon)
 i - a +0 short sword
Armour
 a - a +0 robe (worn)
 w - a +0 cloak (worn)
Jewellery
 m - an uncursed amulet of resist mutation
 q - an amulet of regeneration (around neck)
Magical devices
 n - a wand of confusion (18)
Scrolls
 d - a scroll of remove curse {unknown}
 e - a scroll of blinking {unknown}
 j - a scroll of magic mapping {unknown}
 k - 2 scrolls of identify {unknown}
 t - a scroll of enchant armour {unknown}
 u - 2 scrolls of enchant weapon {unknown}
 y - a scroll of amnesia {unknown}
Potions
 g - a potion of heal wounds {unknown}
 l - a potion of magic {unknown}
 o - 2 potions of curing {unknown}
 s - a potion of mutation {unknown}
 x - a potion of poison {unknown}
Books
 b - a book of Conjurations

   Spells                             Type                      Level
   a - Magic Dart                     Conjuration                  1
   b - Searing Ray                    Conjuration                  2
   c - Dazzling Spray                 Conjuration/Hexes            3
   d - Fulminant Prism                Conjuration/Hexes            4
   e - Iskenderun's Mystic Blast      Conjuration                  4
   f - Iskenderun's Battlesphere      Conjuration/Charms           5
Comestibles
 c - 2 bread rations
 h - 2 meat rations
 p - a slice of pizza
 r - 2 beef jerkies
 v - 4 chunks of flesh


   Skills:
 - Level 2.4 Dodging
 - Level 2.4 Stealth
 + Level 5.4 Spellcasting
 + Level 5.7 Conjurations


You had 12 spell levels left.
You knew the following spells:

 Your Spells              Type           Power        Failure   Level  Hunger
a - Magic Dart            Conj           ####         1%          1    None


Dungeon Overview and Level Annotations

Branches:
Dungeon (4/15)             Temple (1/1) D:4

Altars:
Ashenzari
Cheibriados
Dithmenos
Elyvilon
Gozag
Kikubaaqudgha
Makhleb
Sif Muna
Trog
Xom
Yredelemnul
The Shining One


Message History

Aim: a gnoll, wielding a spear (heavily wounded, fast)
The magic dart hits the gnoll.
The gnoll is severely wounded.
The gnoll misses you.
Casting: Magic Dart
Confirm with . or Enter, or press ? or * to list all spells.
Aiming: Magic Dart
Press: ? - help, Shift-Dir - straight line, f/p - gnoll
Aim: a gnoll, wielding a spear (severely wounded, fast)
The magic dart hits the gnoll.
The gnoll is almost dead.
The gnoll barely misses you.
The gnoll hits you from afar with a spear!
* * * LOW HITPOINT WARNING * * *
The gnoll zaps a wand.
The bolt of lightning hits the gnoll.
The gnoll dies!
The bolt of lightning hits you!
Ouch! That really hurt!
You die...
Kikubaaqudgha rasps: "You have failed me!
Welcome... death!"

.....#
#.#.#.#######.#.⌠.⌠.####
...... #...#g# +..>..'.##
...... ##..#.# #.⌠.⌠.#...
#..#.# #.....#### #..#g#
###'### #
#..#.###########..# #
###..#g).........##.# #
#.......########.##.# #
#.......@......#.##.# #
+...>...######.#.##'#####
#........... #.#.......
...............
#.#.......
.................
#.#.......
.......[...#....
#.##'#####
##...#######...
#.#....... #...# ##
#.#....... ..#
#######'#.......


You could see a gnoll shaman and a gnoll.

Vanquished Creatures
  A hound (D:3)
  2 adders
  An ooze (D:1)
  An adder skeleton (D:4)
  2 worms
  A giant gecko (D:1)
  3 orcs (D:3)
  7 bats
  6 giant cockroaches
  7 goblins
  5 hobgoblins
  12 kobolds
  A quokka (D:3)
  2 ball pythons
  2 giant newts
  2 jackals (D:1)
  5 rats
60 creatures vanquished.

Vanquished Creatures (others)
  A gnoll (D:4)
  4 toadstools (D:1)
5 creatures vanquished.

Grand Total: 65 creatures vanquished

Notes
Turn   | Place    | Note
--------------------------------------------------------------
     0 | D:1      | FedoraBrony69, the Deep Elf Conjurer, began the quest for the Orb.
     0 | D:1      | Reached XP level 1. HP: 10/10 MP: 6/6
   115 | D:1      | Reached XP level 2. HP: 6/15 MP: 2/8
   488 | D:1      | Reached XP level 3. HP: 19/19 MP: 7/10
   491 | D:1      | Reached skill level 5 in Conjurations
   638 | D:2      | You fall through a shaft!
  1095 | D:3      | Reached XP level 4. HP: 24/24 MP: 6/12
  1264 | D:3      | Reached skill level 5 in Spellcasting
  1584 | D:4      | Found a staircase to the Ecumenical Temple.
  1621 | Temple   | Entered the Ecumenical Temple
  1837 | Temple   | Became a worshipper of Kikubaaqudgha
  2031 | D:4      | Killed from afar by a gnoll

Action                   |  1- 3 |  4- 6 || total
-------------------------+-------+-------++-------
Melee: Unarmed           |    12 |       ||    12
       Spear             |    31 |       ||    31
 Cast: Magic Dart        |    78 |    41 ||   119
  Eat: Chunk             |       |     3 ||     3
